 Dungeon Crawl Stone Soup version 0.13.0-13-g27bfa31 (webtiles) character file.

13677 MDvedh the Severer (level 11, -9/126 HPs)
             Began as a Minotaur Berserker on Oct 19, 2013.
             Was a High Priest of Trog.
             Mangled by an enormous slime creature (60 damage)
             ... on Level 12 of the Dungeon.
             The game lasted 00:30:48 (10793 turns).

MDvedh the Severer (Minotaur Berserker)            Turns: 10793, Time: 00:30:49

HP  -9/126       AC 23     Str 30      XL: 11   Next: 67%
MP   3/3         EV  9     Int  4      God: Trog [*****.]
Gold 837         SH  0     Dex 15      Spells:  0 memorised, 10 levels left

Res.Fire  : . . .   See Invis. : .   E - +2,+4 battleaxe (freeze)
Res.Cold  : + . .   Warding    : .   I - +0 plate armour (curse)
Life Prot.: . . .   Conserve   : .   (no shield)
Res.Poison: .       Res.Corr.  : .   (helmet restricted)
Res.Elec. : .       Clarity    : .   F - +2 cloak {darkness}
Sust.Abil.: . .     Spirit.Shd : .   s - +2 pair of gloves
Res.Mut.  : .       Stasis     : .   (no boots)
Res.Rott. : .       Flight     : .   (no amulet)
Saprovore : . . .                    x - cursed +2 ring of evasion
                                     t - cursed ring of Heownoco {rC+ Str+1 Dex+4, unknown}

@: berserking, very quick, somewhat resistant to hostile enchantments, extremely
unstealthy
A: retaliatory headbutt, horns 2
a: Burn Spellbooks, Berserk, Trog's Hand, Brothers in Arms, Renounce Religion,
Evoke Invisibility


You were on level 12 of the Dungeon.
You worshipped Trog.
Trog was extremely pleased with you.
You were hungry.

You visited 1 branch of the dungeon, and saw 12 of its levels.
You also visited: Ossuary.

You collected 817 gold pieces.

Inventory:

Hand weapons
 z - a +1,+1 demon trident of electrocution
 E - a +2,+4 battleaxe of freezing (weapon)
 J - a +4,+2 hand axe (quivered)
Armour
 m - a +1 chain mail
 s - a +2 pair of gloves (worn)
 F - a +2 cloak of darkness (worn)
 I - a cursed +0 plate armour (worn)
Magical devices
 v - a wand of draining (3) {unknown}
 O - a wand of paralysis (18) {unknown}
Comestibles
 c - 3 bread rations
 G - 2 beef jerkies
 H - 7 cheeses
 K - a chunk of orc flesh
Scrolls
 e - 5 scrolls of remove curse
 h - 3 scrolls of blinking
 o - 2 scrolls of enchant armour
 u - 3 scrolls of enchant weapon II
 w - a scroll of enchant weapon I
 y - a scroll of recharging {unknown}
 B - 2 scrolls of teleportation
 L - 2 scrolls of magic mapping
Jewellery
 i - an uncursed ring of protection from fire
 r - an uncursed ring of teleport control {unknown}
 t - the cursed ring of Heownoco (left hand) {rC+ Str+1 Dex+4, unknown}
   (You found it on level 10 of the Dungeon)

   [ring of protection from cold]

   It affects your strength (+1).
   It affects your dexterity (+4).
   It has a curse placed upon it.
 x - a cursed +2 ring of evasion (right hand)
Potions
 a - 2 potions of degeneration {unknown}
 d - 3 potions of heal wounds
 f - 3 potions of magic
 g - 5 potions of curing
 j - 3 potions of brilliance
 k - 2 potions of cure mutation
 l - 4 potions of agility
 n - 2 potions of restore abilities {unknown}
 p - 3 potions of mutation {unknown}
 q - a potion of invisibility {unknown}
 A - 2 potions of flight {unknown}
 C - a potion of resistance {unknown}
 D - a potion of might {unknown}
Books
 b - a book of Power

   Spells                             Type                      Level
   Iskenderun's Mystic Blast          Conjuration                  4
   Venom Bolt                         Conjuration/Poison           5
   Bolt of Magma                      Conjuration/Fire/Earth       5
   Fulminant Prism                    Conjuration/Hexes            5
   Iron Shot                          Conjuration/Earth            6
   Orb of Destruction                 Conjuration                  7
   Trog disapproves of the use of such an item.


   Skills:
 - Level 3.6 Fighting
 + Level 16.9 Axes
 - Level 4.4 Polearms
 - Level 13.2 Armour
 - Level 2.1 Dodging


You had 10 spell levels left.
You didn't know any spells.

Dungeon Overview and Level Annotations

Branches:
Dungeon (12/27)            Temple (0/1) D:4             Orc (0/4) D:10
   Lair (0/8) D:8

Altars:
Ashenzari
Cheibriados
Elyvilon
Nemelex Xobeh
Okawaru
Trog
Vehumet
Xom
Yredelemnul

Shops:
D:12 +

Portals:
Trove: D:10 (give +4 gold dragon armour)

Annotations:
D:9 exclusion: statue


Innate Abilities, Weirdness & Mutations

You reflexively headbutt those who attack you in melee.
You have a pair of horns on your head.


Message History

You slice the enormous slime creature!! You freeze the enormous slime creature!
The enormous slime creature is severely wounded.
You barely miss the slime creature. You headbutt the slime creature!
The slime creature is almost dead.
The enormous slime creature hits you!
Unknown command.
You slice the slime creature!! You freeze the slime creature.
You kill the slime creature!
Trog accepts your kill.
You barely miss the enormous slime creature.
The enormous slime creature is severely wounded.
Unknown command.
Unknown command.
You slice the enormous slime creature!! You freeze the enormous slime creature.
The enormous slime creature is almost dead.
You slash the worker ant! You freeze the worker ant!
You kill the worker ant!
Trog accepts your kill. The enormous slime creature hits you!
You die...

#.# #.# #.# .
#.# ... #.#
.<.. #.# .....
#.# ####
#......#####.#
....
..M.%..J@))).#
####
#......%)....#
....
............#
####
.#......!..##
.............
#..[.#.######
#####.# #.#
#.#


You could see an enormous slime creature and a mummy.

Vanquished Creatures
  The ghost of kurshu the Severer, an experienced MiFi of Okawaru (D:7)
  The ghost of simpaon the Covert, an experienced SpEn of Kikubaaqudgha (D:8)
  A wolf spider zombie (D:12)
  3 hill giants
  Maurice (D:10)
  Psyche (D:9)
  2 trolls (D:10)
  2 slime creatures (D:12)
  A wyvern (D:11)
  A hippogriff (D:12)
  8 yaks
  A deep elf fighter (D:8)
  The ghost of Bloax the Covered, an average MiFi of Trog (Ossuary)
  Eustachio (D:9)
  A wraith (D:10)
  A hungry ghost (D:9)
  Edmund (D:8)
  6 orc warriors
  An ice beast (D:10)
  A human (D:9)
  3 black bears
  2 phantoms
  A yellow wasp (D:12)
  3 ogres
  Sigmund (D:4)
  Duvessa (D:4)
  2 centaurs
  8 giant frogs
  2 big kobolds
  2 crocodiles
  A water moccasin (D:8)
  2 cyclops skeletons
  A killer bee (D:11)
  An eye of draining (D:11)
  8 wights
  A vampire bat (D:8)
  A troll skeleton (D:11)
  3 goliath beetles
  Dowan (D:4)
  8 bog bodies (Ossuary)
  2 giant frog zombies
  The ghost of SnowFan the Firebug, a weakling DEFE (D:6)
  A basilisk zombie (D:12)
  A giant frog skeleton (D:10)
  5 hounds
  7 orc priests
  A quasit (D:10)
  8 crimson imps
  5 iguanas
  2 jellies
  14 orc wizards
  2 scorpions
  8 worker ants
  2 sheep (D:9)
  9 mummies (Ossuary)
  A hound skeleton (D:4)
  A spectral human (D:7)
  7 adders
  4 gnolls
  6 green rats
  2 worker ant zombies (Ossuary)
  A giant centipede (D:9)
  An inept feature mimic (D:4)
  4 worms
  2 adder zombies (Ossuary)
  An iguana zombie (Ossuary)
  A scorpion zombie (Ossuary)
  An adder skeleton (D:8)
  4 grey rats
  A giant eyeball (D:4)
  6 giant geckos
  50 orcs
  2 ball pythons
  25 bats
  4 giant cockroaches
  14 hobgoblins
  8 jackals
  23 kobolds
  7 quokkas
  2 giant gecko zombies (Ossuary)
  10 giant newts
  2 giant newt zombies (Ossuary)
  11 goblins
  2 goblin zombies (Ossuary)
  2 hobgoblin zombies (Ossuary)
  A jackal skeleton (D:5)
  A kobold skeleton (D:4)
  2 kobold zombies
  3 orc zombies
  28 rats
  A fungus (D:8)
  A plant (D:8)
398 creatures vanquished.

Vanquished Creatures (collateral kills)
  A hydra (D:12)
1 creature vanquished.

Vanquished Creatures (others)
  A bat (D:8)
  A fungus (D:8)
2 creatures vanquished.

Grand Total: 401 creatures vanquished

Notes
Turn   | Place    | Note
--------------------------------------------------------------
     0 | D:1      | MDvedh, the Minotaur Berserker, began the quest for the Orb.
     0 | D:1      | Reached XP level 1. HP: 19/19 MP: 0/0
   141 | D:1      | Reached skill level 4 in Axes
   215 | D:1      | Reached XP level 2. HP: 20/26 MP: 0/0
   297 | D:1      | Acquired Trog's second power
   563 | D:1      | Reached skill level 5 in Axes
   563 | D:1      | Reached XP level 3. HP: 26/33 MP: 1/1
   948 | D:2      | Found a sparkling altar of Nemelex Xobeh.
  1156 | D:2      | Noticed a moth of wrath
  1158 | D:2      | Found a bloodstained altar of Trog.
  1336 | D:2      | Reached skill level 6 in Axes
  1336 | D:2      | Reached XP level 4. HP: 34/39 MP: 1/1
  1827 | D:3      | Reached skill level 7 in Axes
  1827 | D:3      | Reached XP level 5. HP: 15/46 MP: 1/1
  1989 | D:3      | Found a shimmering altar of Xom.
  2445 | D:4      | Acquired Trog's third power
  2445 | D:4      | Reached skill level 8 in Axes
  2593 | D:4      | Noticed a phantom
  2607 | D:4      | Killed a phantom
  2607 | D:4      | Reached XP level 6. HP: 50/52 MP: 2/2
  2663 | D:4      | Noticed Dowan
  2667 | D:4      | Noticed Duvessa
  2685 | D:4      | Killed Duvessa
  2685 | D:4      | Reached skill level 9 in Axes
  2696 | D:4      | Killed Dowan
  2828 | D:4      | Noticed Sigmund
  2845 | D:4      | Killed Sigmund
  2845 | D:4      | Reached XP level 7. HP: 59/59 MP: 2/2
  2907 | D:4      | Found a snail-covered altar of Cheibriados.
  3000 | D:4      | Reached skill level 10 in Axes
  3071 | D:4      | Found a staircase to the Ecumenical Temple.
  3234 | D:5      | Entered Level 5 of the Dungeon
  3646 | D:5      | Found a shimmering altar of Xom.
  3705 | D:5      | Reached skill level 11 in Axes
  3884 | D:5      | Reached XP level 8. HP: 59/66 MP: 2/2
  4402 | D:6      | Reached skill level 12 in Axes
  4417 | D:6      | Noticed SnowFan's ghost (weakling DEFE)
  4424 | D:6      | Killed SnowFan's ghost
  5092 | D:7      | Reached skill level 5 in Armour
  5167 | D:7      | Found a basalt altar of Yredelemnul.
  5249 | D:7      | Noticed kurshu's ghost (experienced MiFi)
  5266 | D:7      | Killed kurshu's ghost
  5266 | D:7      | Reached XP level 9. HP: 72/72 MP: 3/3
  5424 | D:7      | Found a sand-covered staircase.
  5428 | Ossuary  | Entered an ossuary
  5444 | Ossuary  | Noticed Bloax's ghost (average MiFi)
  5460 | Ossuary  | Killed Bloax's ghost
  5672 | Ossuary  | Reached skill level 10 in Armour
  6159 | D:7      | Found a white marble altar of Elyvilon.
  6286 | D:7      | Found an iron altar of Okawaru.
  6636 | D:5      | Found a shattered altar of Ashenzari.
  6844 | D:8      | Noticed simpaon's ghost (experienced SpEn)
  7045 | D:8      | Killed simpaon's ghost
  7182 | D:8      | Received a gift from Trog
  7238 | D:8      | Reached XP level 10. HP: 72/79 MP: 3/3
  7253 | D:8      | Noticed Edmund
  7269 | D:8      | Killed Edmund
  7414 | D:8      | Found a staircase to the Lair.
  7477 | D:8      | Reached skill level 13 in Armour
  7744 | D:8      | Reached skill level 1 in Polearms
  7895 | D:9      | Noticed Eustachio
  7919 | D:9      | Killed Eustachio
  7958 | D:9      | Received a gift from Trog
  8543 | D:9      | Found a radiant altar of Vehumet.
  8594 | D:9      | Noticed Psyche
  8598 | D:9      | Killed Psyche
  8877 | D:10     | Entered Level 10 of the Dungeon
  8994 | D:10     | Found a staircase to the Orcish Mines.
  9008 | D:10     | Noticed Maurice
  9051 | D:10     | Killed Maurice
  9051 | D:10     | Reached skill level 14 in Axes
  9472 | D:10     | Got a pitted marble ring
  9590 | D:10     | Found a portal to a secret trove of treasure.
  9853 | D:11     | Reached XP level 11. HP: 84/84 MP: 3/3
  9937 | D:11     | Noticed a hill giant
  9945 | D:11     | Killed a hill giant
  9947 | D:11     | Reached skill level 15 in Axes
 10033 | D:11     | Noticed a hill giant
 10038 | D:11     | Killed a hill giant
 10186 | D:11     | Received a gift from Trog
 10383 | D:12     | Noticed a hill giant
 10389 | D:12     | Killed a hill giant
 10389 | D:12     | Reached skill level 16 in Axes
 10396 | D:12     | Found Sigeami's Book Boutique.
 10446 | D:12     | Noticed an eight-headed hydra
 10451 | D:12     | Killed an eight-headed hydra
 10793 | D:12     | Mangled by an enormous slime creature

Action                   |  1- 3 |  4- 6 |  7- 9 | 10-12 || total
-------------------------+-------+-------+-------+-------++-------
Melee: Hand axe          |    92 |   172 |   579 |   100 ||   943
       Unarmed           |       |       |     7 |       ||     7
       Battleaxe         |       |       |       |   239 ||   239
       Demon trident     |       |       |       |    46 ||    46
Invok: Berserk           |       |     3 |     9 |     4 ||    16
       Trog's Hand       |       |     1 |     1 |     1 ||     3
       Burn Spellbooks   |       |       |       |     2 ||     2
       Brothers in Arms  |       |       |       |     1 ||     1
Evoke: Wand              |       |       |     2 |     2 ||     4
  Use: Scroll            |     8 |     2 |    15 |     5 ||    30
       Potion            |       |     2 |     2 |     1 ||     5
